 Dungeon Crawl Stone Soup version 0.27-a0-417-g317cea8a3c (webtiles) character file.

Game seed: 11117499680645726360

35 rednaxela the Vexing (level 3, -12/16 HPs)
             Began as a Spriggan Enchanter on Feb 25, 2021.
             Mangled by a gnoll
             ... wielding a +1 whip of electrocution
              (17 damage)
             ... on level 2 of the Dungeon.
             The game lasted 00:06:39 (2750 turns).

rednaxela the Vexing (Spriggan Enchanter)           Turns: 2750, Time: 00:06:40

Health: -12/16     AC:  2    Str: 10    XL:     3   Next: 16%
Magic:  2/9        EV:  9    Int: 17    God:
Gold:   110        SH:  0    Dex: 15    Spells: 0/9 levels left

rFire    . . .     SeeInvis +   d - +0 short sword
rCold    . . .     Faith    .   (shield restricted)
rNeg     . . .     Spirit   .   b - +0 robe
rPois    .         Reflect  .   (helmet restricted)
rElec    .         Harm     .   (no cloak)
rCorr    .         Rampage  .   (gloves unavailable)
Will     .....                  (boots unavailable)
Stlth    +++.......             (no amulet)
HPRegen  0.05/turn              f - +6 ring of strength
MPRegen  0.11/turn              (no ring)

@: held, very quick
A: very small, unfitting armour, see invisible, speed 3
a: no special abilities


You were on level 2 of the Dungeon.
You visited 1 branch of the dungeon, and saw 3 of its levels.

You collected 110 gold pieces.

Inventory:

Hand Weapons
 a - a +1 dagger
 d - a +0 short sword (weapon)
   (You took it off a kobold on level 1 of the Dungeon)
Missiles
 c - 67 stones (quivered)
 h - 22 poisoned darts
Armour
 b - a +0 robe (worn)
Jewellery
 f - a +6 ring of strength (left hand)
   (You found it on level 1 of the Dungeon)
Scrolls
 e - a scroll of fog {unknown}
 g - a scroll of noise {unknown}
 i - a scroll of teleportation {unknown}
Potions
 j - a potion of curing {unknown}
 k - a potion of mutation {unknown}
 l - a potion of degeneration {unknown}


   Skills:
 - Level 1.1 Short Blades
 - Level 2.6 Dodging
 - Level 4.4 Stealth
 + Level 3.7 Spellcasting
 + Level 4.5 Hexes


You couldn't memorise any spells.
You knew the following spells:

 Your Spells              Type           Power        Failure   Level
a - Corona                Hex            20%          2%          1
b - Ensorcelled Hibernat  Hex/Ice        20%          10%         2
c - Confusing Touch       Hex            18%          8%          3
d - Tukima's Dance        Hex            18%          8%          3

Your spell library contained the following spells:

 Spells                   Type           Power        Failure   Level
 Dazzling Flash           Conj/Hex       20%          19%         3


Dungeon Overview and Level Annotations

Branches:
Dungeon (3/15)

Altars:
Dithmenos
Elyvilon
Kikubaaqudgha
Uskayaw
Xom
Yredelemnul
Zin


Innate Abilities, Weirdness & Mutations

You are very small and have problems with some larger weapons.
You are too small for most types of armour.
You have supernaturally acute eyesight. (SInv)
You cover ground extremely quickly.


Message History

You start memorising the spell.
You continue memorising. x3
You finish memorising.
Spell assigned to 'd'.
You climb downwards.
There is a stone staircase leading up here.
Casting: Ensorcelled Hibernation (safe; 10% risk of failure)
Confirm with . or Enter, or press ? or * to list all spells.
The spell is extremely dangerous to cast (8% risk of failure)!
Continue anyway?
Aiming: Tukima's Dance (extremely dangerous; 8% risk of failure)
Press: ? - help, Shift-Dir - straight line, f - orc
Aim: an orc, wielding a +0 dagger and wearing a +0 leather armour (asleep, chance to affect: 73%)
The +0 dagger dances into the air!
The orc hits your +0 dagger.
Your +0 dagger hits the orc.
The orc hits your +0 dagger.
Your +0 dagger falls from the air.
Casting: Tukima's Dance (extremely dangerous; 8% risk of failure)
Confirm with . or Enter, or press ? or * to list all spells.
Aiming: Ensorcelled Hibernation (safe; 10% risk of failure)
Press: ? - help, Shift-Dir - straight line, f/p - orc
Aim: an orc, wearing a +0 leather armour (heavily wounded, chance to affect: 59%)
The orc looks drowsy...
The helpless orc fails to defend itself.
You puncture the orc!
You kill the orc!
m - a ring of see invisible You see here a +0 leather armour.
There is a stone staircase leading up here.
Drop what? 13/52 slots (_ for help) (? for menu, Esc to quit)
You drop a ring of see invisible.
You start resting.
A quokka comes into view.
You feel stronger.
f - a +6 ring of strength (left hand)
Casting: Ensorcelled Hibernation (safe; 10% risk of failure)
Confirm with . or Enter, or press ? or * to list all spells.
Aiming: Ensorcelled Hibernation (safe; 10% risk of failure)
Press: ? - help, Shift-Dir - straight line, f - quokka
Aim: a quokka (chance to affect: 59%)
The quokka looks drowsy...
You see here a +0 leather armour.
The helpless quokka fails to defend itself.
You puncture the quokka!
You kill the quokka!
There is a stone staircase leading up here.
You see here a ring of see invisible.
You start resting.
A gnoll comes into view. It is wielding a +0 spear.
A gnoll comes into view. It is wielding a +0 halberd.
Casting: Ensorcelled Hibernation (safe; 10% risk of failure)
Confirm with . or Enter, or press ? or * to list all spells.
The spell is extremely dangerous to cast (8% risk of failure)!
Continue anyway?
Aiming: Tukima's Dance (extremely dangerous; 8% risk of failure)
Press: ? - help, Shift-Dir - straight line, f - gnoll
Aim: a gnoll, wielding a +0 halberd (wandering, hasn't noticed you, chance to affect: 65%)
The gnoll shouts!
The +0 halberd dances into the air!
The gnoll shouts!
Something barely misses your +0 halberd.
Casting: Tukima's Dance (extremely dangerous; 8% risk of failure)
Confirm with . or Enter, or press ? or * to list all spells.
The spell is extremely dangerous to cast (8% risk of failure)!
Continue anyway?
Aiming: Tukima's Dance (extremely dangerous; 8% risk of failure)
Press: ? - help, Shift-Dir - straight line, f - gnoll, p - gnoll
Aim: a gnoll, wielding a +0 spear and quivering 2 throwing nets (chance to affect: 65%)
The +0 spear dances into the air!
Something bites your +0 halberd but does no damage.
An orc comes into view. It is wielding a +0 trident.
A gnoll comes into view.
It is wielding a +1 whip of electrocution.
Something hits your +0 halberd but does no damage.
Something bites your +0 halberd.
The orc hits your +0 spear with a +0 trident.
Your +0 spear falls from the air.
An adder comes into view.
Your +0 halberd completely misses the orc.
The adder bites your +0 halberd.
The orc hits your +0 halberd with a +0 falchion of holy wrath.
Your +0 halberd falls from the air.
A giant cockroach comes into view.
A quokka comes into view.
You hit the gnoll but do no damage.
A kobold comes into view. It is wielding a +0 whip.
The gnoll completely misses you. The gnoll barely misses you.
The kobold moves out of view.
You hit the gnoll but do no damage.
A worm comes into view.
The orc barely misses you. The gnoll hits you. The orc barely misses you.
The gnoll misses you. The gnoll barely misses you. x2
You climb upwards.
There is a stone staircase leading down here.
The gnoll misses you.
The gnoll throws a throwing net.
The throwing net hits you.
You become entangled in the net!
You see here a throwing net {!f}.
You struggle against the net.
You tear a large gash into the net.
The gnoll hits you with a +1 whip of electrocution!
Ouch! That really hurt!
* * * LOW HITPOINT WARNING * * *
You are electrocuted!
Ouch! That really hurt!
You die...

#..........#.###### #??.
.......<..........# ...
##....)...........# #######
#.#.......<......# #.....#
##................# #.._..#
...#..............# #.....#
...#..............# ###'####
..................####.....#
...#(.........#.@g.........#
.......##.......gg.........#
...#...####................#
#.##...##...#......>.......#
#.##...##.###..............#
.<.........................#
#.######.####..............#
..#......# ##.......)....##
..#.###### ##..........##


You could see 3 gnolls.

Vanquished Creatures
  A leopard gecko (D:2)
  An orc (D:3)
  3 bats
  4 giant cockroaches
  4 goblins
  3 hobgoblins
  4 jackals (D:1)
  5 kobolds
  A quokka (D:3)
  A frilled lizard (D:1)
  A rat (D:2)
28 creatures vanquished.

Vanquished Creatures (others)
  3 dancing weapons (D:3)
3 creatures vanquished.

Grand Total: 31 creatures vanquished

Notes
Turn   | Place    | Note
-------+----------+-------------------------------------------
     0 | D:1      | rednaxela the Spriggan Enchanter began the quest for the
                  | Orb.
     0 | D:1      | Reached XP level 1. HP: 9/9 MP: 5/5
   452 | D:1      | Found a shimmering altar of Xom.
   630 | D:1      | Reached skill level 3 in Spellcasting
   810 | D:1      | Reached skill level 4 in Hexes
   818 | D:1      | Reached XP level 2. HP: 13/13 MP: 5/7
  1510 | D:1      | Learned a level 2 spell: Ensorcelled Hibernation
  1959 | D:2      | Found a glowing silver altar of Zin.
  1991 | D:2      | Found a shadowy altar of Dithmenos.
  1996 | D:2      | Found an ancient bone altar of Kikubaaqudgha.
  1996 | D:2      | Found a basalt altar of Yredelemnul.
  1997 | D:2      | Found a hide-covered altar of Uskayaw.
  1997 | D:2      | Found a white marble altar of Elyvilon.
  2389 | D:2      | Reached XP level 3. HP: 16/16 MP: 6/9
  2687 | D:2      | Learned a level 3 spell: Confusing Touch
  2691 | D:2      | Learned a level 3 spell: Tukima's Dance
  2750 | D:2      | Mangled by a gnoll

Illustrated notes

Levels and vault maps discovered:
D:1:      eino_arrival_tree_alley, layout_basic, xom_teletrap_fun
D:2:      layout_rooms, grunt_temple_overflow_open, zin_scriptorium
D:3:      layout_loops_ring, lemuel_doored_altar, gammafunk_ghost_stat_death

Skill      XL: |  1 |
---------------+----+-----
Spellcasting   | 3 |  3.7
Hexes          | 4 |  4.5
Short Blades   | |  1.1
Dodging        | |  2.6
Stealth        | |  4.4

Action                   || total
-------------------------++-------
Melee: Short sword       ||    87
       Dagger            ||     7
Throw: Stone             ||    32
 Cast: Corona            ||    17
       Ensorcelled Hiber ||    12
       Tukima's Dance    ||     3
 Stab: Sleeping          ||    10
Armor: Robe              ||     9
Dodge: Dodged            ||   128

Table legend: (Time is in decaauts)
 A = Elapsed time spent in this place.
 B = Non-inter-level travel time spent in this place.
 C = Inter-level travel time spent in this place.
 D = Time resting spent in this place.
 E = Time spent auto-exploring this place.
 F = Levels seen in this place.
 G = Mean time per level.
                   A        B        C        D        E       F      G
               +--------+--------+--------+--------+--------+-----+--------+
         Total |   2253 |   2214 |     39 |    444 |   1308 |   3 |  751.0 |
       Dungeon |   2253 |   2214 |     39 |    444 |   1308 |   3 |  751.0 |
               +--------+--------+--------+--------+--------+-----+--------+

Top non-repeatable levels by time:
     D:1: 1503 daAuts
     D:2: 694 daAuts
     D:3: 55 daAuts
